 Dungeon Crawl Stone Soup version 0.28.0 (webtiles) character file.

Game seed: 9152959047680405351

56 GrayStillPlays the Sneak (level 3, -1/16 HPs)
             Began as a Vine Stalker Enchanter on Feb 8, 2022.
             Succumbed to an adder's poison
             ... on level 2 of the Dungeon.
             The game lasted 00:04:27 (1664 turns).

GrayStillPlays the Sneak (Vine Stalker Enchanter)   Turns: 1664, Time: 00:04:27

Health: -1/16      AC:  2    Str: 10    XL:     3   Next: 97%
Magic:  6/8        EV: 12    Int: 17    God:
Gold:   28         SH:  0    Dex: 14    Spells: 5/7 levels left

rFire   . . .      SeeInvis .   a - +1 dagger {short}
rCold   . . .      Faith    .   (no shield)
rNeg    . . .      Spirit   +   b - +0 robe
rPois   .          Reflect  .   (no helmet)
rElec   .          Harm     .   (no cloak)
rCorr   .          Rampage  .   (no gloves)
Will    .....                   (no boots)
Stlth   +++.......              (no amulet)
HPRegen 0.05/turn               (no ring)
MPRegen 0.11/turn               (no ring)

@: mighty, lethally poisoned (-1 -> -10)
A: fangs 2, magic shield, antimagic bite, no potion heal 2
a: no special abilities


You were on level 2 of the Dungeon.
You visited 1 branch of the dungeon, and saw 2 of its levels.

You collected 28 gold pieces.


Innate Abilities, Weirdness & Mutations

You have extremely sharp teeth.
When hurt, damage is shared between your health and your magic reserves.
Your bite disrupts and absorbs the magic of your enemies.
Potions cannot restore your health.


   Skills:
 + Level 1.6 Short Blades
 + Level 2.0 Dodging
 + Level 4.2 Stealth
 + Level 2.7 Spellcasting
 + Level 3.3 Hexes


You had 5 spell levels left.
You knew the following spells:

 Your Spells              Type           Power      Damage    Failure   Level
a - Ensorcelled Hibernat  Hex/Ice        16%        N/A       14%         2

Your spell library contained the following spells:

 Spells                   Type           Power      Damage    Failure   Level
 Confusing Touch          Hex            13%        N/A       14%         3
 Tukima's Dance           Hex            13%        N/A       14%         3
 Dazzling Flash           Conj/Hex       16%        N/A       26%         3

Inventory:

Hand Weapons
 a - a +1 dagger (weapon) {short}
Missiles
 h - 4 boomerangs (quivered) {throwing}
Armour
 b - a +0 robe (worn)
Scrolls
 d - a scroll of identify {unknown}
Potions
 c - a potion of invisibility
 e - a potion of lignification {unknown}
 f - a potion of might
 g - a potion of resistance {unknown}

Dungeon Overview and Level Annotations

Branches:
Dungeon (2/15)

Altars:

Annotations:
D:2 Jessica

#.#^..#.............
#........<..........
#....#...#..........
##...................
##......).##..........
#.....#.####..........
#........###..........
#####..#..##..........
##....@##..########
#.......S.##
#.#.......#
#.#......## #.#......#
#......### #.######
#.# ###


You could see an adder.


Message History

Your Dodging skill increases to level 2!
You hit the worm but do no damage. You bite the worm. You drain its power.
You hit the worm. The worm closely misses you.
You hit the worm. You hit the worm. You bite the worm. You drain its power.
The worm closely misses you.
You hit the worm. You bite the worm. You drain its power. You hit the worm.
The worm closely misses you.
You hit the worm but do no damage. You bite the worm. You drain its power.
You hit the worm. You bite the worm, but do no damage.
The worm closely misses you.
You hit the worm. You hit the worm.
You kill the worm!
You see here a worm corpse.
There is a stone staircase leading down here.
There is a stone staircase leading down here.
You see here a worm corpse.
There is a stone staircase leading down here.
You can't go up here!
You climb downwards.
Level annotation: Jessica
There is a stone staircase leading up here.
A rat comes into view.
The helpless rat fails to defend itself.
You puncture the rat!
You kill the rat!
An adder comes into view.
The helpless adder fails to defend itself.
You impale the adder!!
You kill the adder!
You see here a +0 long sword {long}. 😎 MP[+1]
Your mp is fully restored (8).
A bat comes into view.
Found an escape hatch in the floor.
The helpless bat fails to defend itself.
You puncture the bat!
You kill the bat!
You see here a bat corpse.
A kobold comes into view. It is wielding a +0 short sword.
Found a stone staircase leading up.
A ball python comes into view.
The kobold shouts!
The ball python hisses angrily.
You hit the kobold. Your bite misses the kobold. The kobold barely misses you.
You closely miss the kobold.
The kobold hits you with a +0 short sword. 😎 MP[-1]
You lost 1 mp, and now have 7/8 mp.
You hit the kobold.
You kill the kobold!
You hit the ball python.
You bite the ball python, but do no damage.
The ball python barely misses you. x2
You hit the ball python.
You kill the ball python!
f - 2 glowing sapphire potions (gained 1) 😎 MP[+1]
Your mp is fully restored (8).
An adder comes into view.
The adder hisses angrily.
You hear a shout!
A goblin comes into view. It is wielding a +0 club.
You hit the adder. Your bite misses the adder. The adder bites you.
You are poisoned.
The adder poisons you! The adder bites you.
You are lethally poisoned!
The adder poisons you! 😕 HP[-3] MP[-1]
You take 3 damage, and now have 13/16 hp.
You lost 1 mp, and now have 7/8 mp.
You closely miss the adder.
You feel very sick. The adder barely misses you. 😮 HP[-3]
You take 3 damage, and now have 10/16 hp.
You miss the adder.
* * * LOW HITPOINT WARNING * * *
You feel sick. The adder bites you.
* * * LOW HITPOINT WARNING * * *
You are more poisoned.
The adder poisons you! 😨 HP[-3]
You take 3 damage, and now have 7/16 hp.
You hit the adder. Your bite misses the adder.
* * * LOW HITPOINT WARNING * * *
You feel very sick. The adder bites you.
* * * LOW HITPOINT WARNING * * *
😱 HP[-4] MP[-1]
You take 4 damage, and now have 3/16 hp.
MASSIVE DAMAGE!! (PAUSE)
You lost 1 mp, and now have 6/8 mp.
Okay, then.
It was a potion of might.
You feel very mighty all of a sudden.
* * * LOW HITPOINT WARNING * * *
You feel sick. The adder misses you. The adder closely misses you. 😱 HP[-2]
You take 2 damage, and now have 1/16 hp.
You die...

Skill      XL: |  1  2  3 |
---------------+----------+-----
Short Blades   | 1 |  1.6
Stealth        | 4 |  4.2
Dodging        | 2 |  2.0
Spellcasting   | |  2.7
Hexes          | |  3.3

Action                   || total
-------------------------++-------
Melee: Dagger            ||   114
       Bite              ||    27
  Use: Potion            ||     1
 Stab: Sleeping          ||     9
Armor: Robe              ||    15
Dodge: Dodged            ||    54

Levels and vault maps discovered:
D:1:      minmay_arrival_five_plusses, layout_loops_ring, minmay_lizard_pond
D:2:      layout_rooms, uniq_jessica

Notes
Turn   | Place    | Note
-------+----------+-------------------------------------------
     0 | D:1      | GrayStillPlays the Vine Stalker Enchanter began the quest
                  | for the Orb.
     0 | D:1      | Reached XP level 1. HP: 9/9 MP: 4/4
     0 | D:1      | magus.rc [v1.9.6]
    42 | D:1      | HP: 2/9 [dart slug (2)]
    45 | D:1      | Reached skill level 1 in Short Blades
    58 | D:1      | HP: 1/9 [hobgoblin (1)]
    71 | D:1      | HP: 1/9 [hobgoblin (1)]
    75 | D:1      | Reached XP level 2. HP: 1/13 MP: 1/6
   603 | D:1      | Reached skill level 4 in Stealth
   738 | D:1      | Reached XP level 3. HP: 16/16 MP: 7/7
   913 | D:1      | Learned a level 2 spell: Ensorcelled Hibernation
  1262 | D:2      | Noticed Jessica
  1290 | D:1      | HP: 3/16 [worm (2)]
  1547 | D:1      | Reached skill level 2 in Dodging
  1662 | D:2      | HP: 4/16 [poisoned by an adder]
  1663 | D:2      | HP: 1/16 [poisoned by an adder]
  1664 | D:2      | Succumbed to an adder's poison

Vanquished Creatures
  An adder (D:2)
  2 worms (D:1)
  2 dart slugs (D:1)
  6 ball pythons
  5 endoplasms (D:1)
  4 hobgoblins (D:1)
  4 bats
  14 frilled lizards (D:1)
  A kobold (D:2)
  3 rats
42 creatures vanquished.

Table legend:
 A = Non-vault XP
 B = Vault XP
 C = Vault XP percentage of total XP
 D = Non-vault monster count
 E = Vault monster count
 F = Vault count percentage of total count
                 A         B        C        D         E       F
            +---------+---------+-------+---------+---------+-------
      Total |      71 |      10 |  12.3 |      32 |      10 |  23.8
            +---------+---------+-------+---------+---------+-------
        D:1 |      53 |      10 |  15.9 |      27 |      10 |  27.0
        D:2 |      18 |       0 |   0.0 |       5 |       0 |   0.0
            +---------+---------+-------+---------+---------+-------

Illustrated notes

Table legend:
 A = Kills in this place as a percentage of kills in entire the game.
 B = Kills by you in this place as a percentage of kills by you in the entire game.
 C = Kills by friends in this place as a percentage of kills by friends in the entire game.
 D = Other kills in this place as a percentage of other kills in the entire game.
 E = Experience gained in this place as a percentage of experience gained in the entire game.
 F = Experience gained in this place divided by the number of levels of this place that you have seen.
                   A       B       C       D       E      F
               +-------+-------+-------+-------+-------+----------------------
         Total | 100.0 | 100.0 |   N/A |   N/A | 100.0 |  40.5
       Dungeon | 100.0 | 100.0 |   N/A |   N/A | 100.0 |  40.5
               +-------+-------+-------+-------+-------+----------------------

Table legend: (Time is in decaauts)
 A = Elapsed time spent in this place.
 B = Non-inter-level travel time spent in this place.
 C = Inter-level travel time spent in this place.
 D = Time resting spent in this place.
 E = Time spent auto-exploring this place.
 F = Levels seen in this place.
 G = Mean time per level.
                   A        B        C        D        E       F      G
               +--------+--------+--------+--------+--------+-----+--------+
         Total |   1659 |   1635 |     24 |    523 |    625 |   2 |  829.5 |
       Dungeon |   1659 |   1635 |     24 |    523 |    625 |   2 |  829.5 |
               +--------+--------+--------+--------+--------+-----+--------+

Top non-repeatable levels by time:
     D:1: 1542 daAuts
     D:2: 116 daAuts
